 Dungeon Crawl Stone Soup version 0.29.1-12-g30fa7ad0bf (webtiles) character file.

Game seed: 8565896207565707503

529 wormed the Sneak (level 7, -1/52 HPs)
             Began as a Gnoll Wanderer on Dec 24, 2022.
             Slain by an ufetubus (3 damage)
             ... on level 5 of the Dungeon.
             The game lasted 00:17:30 (5373 turns).

wormed the Sneak (Gnoll Wanderer)                   Turns: 5373, Time: 00:17:30

Health: -1/52      AC:  2    Str:  9    XL:     7   Next: 23%
Magic:  3/12       EV: 19    Int: 16    God:
Gold:   190        SH:  0    Dex: 16    Spells: 5/13 levels left

rFire   . . .      SeeInvis .     - Unarmed
rCold   . . .      Faith    .   (shield currently unavailable)
rNeg    . . .      Spirit   .   (body armour currently unavailable)
rPois   x          Reflect  .   (helmet currently unavailable)
rElec   .          Harm     .   (cloak currently unavailable)
rCorr   .          Rampage  .   (gloves currently unavailable)
Will    .....                   (boots currently unavailable)
Stlth   +++.......              (no amulet)
HPRegen 0.17/turn               h - ring of wizardry
MPRegen 0.13/turn               (no ring)

@: spider-form
A: venomous fangs, tiny, (fangs 1), strong nose, distributed training
a: End Transformation


You were on level 5 of the Dungeon.
You were a venomous arachnid creature.
You visited 1 branch of the dungeon, and saw 5 of its levels.

You collected 190 gold pieces.

Inventory:

Hand Weapons
 a - a +0 dagger (melded)
Armour
 c - a +0 pair of gloves (melded)
 e - a +0 robe (melded)
 o - an orb of mayhem (melded)
Jewellery
 h - a ring of wizardry (left front leg)
 t - a ring of fire
 A - a +6 ring of strength
Wands
 l - a wand of mindburst (21)
 x - a wand of iceblast (12)
 y - a wand of quicksilver (10)
Scrolls
 b - a scroll of enchant weapon {unknown}
 m - a scroll of fog {unknown}
 n - 3 scrolls of vulnerability
 p - a scroll of noise {unknown}
 r - 2 scrolls of teleportation
 s - a scroll of immolation {unknown}
 u - a scroll of poison {unknown}
 v - a scroll of identify {unknown}
Potions
 f - a potion of berserk rage
 g - 4 potions of curing {unknown}
 i - 2 potions of flight {unknown}
 j - 2 potions of might {unknown}
 k - 3 potions of heal wounds {unknown}
 q - a potion of lignification {unknown}
 w - a potion of invisibility {unknown}
 z - 2 potions of brilliance {unknown}


   Skills:
 + Level 3.6 Fighting
 + Level 2.4 Short Blades
 + Level 2.4 Long Blades
 + Level 2.4 Axes
 + Level 2.4 Maces & Flails
 + Level 2.4 Polearms
 + Level 2.4 Staves
 + Level 2.4 Ranged Weapons
 + Level 2.4 Throwing
 + Level 2.4 Armour
 + Level 2.4 Dodging
 + Level 6.5 Stealth
 + Level 2.4 Shields
 + Level 5.2 Unarmed Combat
 + Level 3.8 Spellcasting
 + Level 2.0 Conjurations
 + Level 2.0 Hexes
 + Level 2.0 Summonings
 + Level 2.0 Necromancy
 + Level 2.0 Translocations
 + Level 2.0 Transmutations
 + Level 4.3 Fire Magic
 + Level 2.0 Ice Magic
 + Level 2.0 Air Magic
 + Level 2.0 Earth Magic
 + Level 2.0 Poison Magic
 + Level 2.7 Invocations
 + Level 3.6 Evocations


You had 5 spell levels left.
You knew the following spells:

 Your Spells              Type           Power      Damage    Failure   Level
a - Foxfire               Conj/Fire      52%        2x1d6     6%          1
b - Beastly Appendage     Tmut           18%        N/A       9%          1
c - Spider Form           Tmut/Pois      9%         N/A       19%         3
d - Stone Arrow           Conj/Erth      18%        3d8       19%         3

Your spell library contained the following spells:

 Spells                   Type           Power      Damage    Failure   Level
 Wereblood                Tmut           9%         N/A       12%         2
 Conjure Flame            Conj/Fire      13%        6-21      13%         3
 Inner Flame              Hex/Fire       13%        N/A       13%         3
 Flame Wave               Conj/Fire      13%        2d6       32%         4
 Animate Armour           Summ/Erth      18%        N/A       45%         4
 Fulminant Prism          Conj/Hex       4%         3d6       45%         4
 Iskenderun's Mystic Bla  Conj/Tloc      9%         2d4       45%         4
 Fireball                 Conj/Fire      6%         3d5       61%         5
 Iskenderun's Battlesphe  Conj           9%         2d6       77%         5
 Lee's Rapid Deconstruct  Erth           4%         3d6*      77%         5
 Conjure Ball Lightning   Conj/Air       4%         3x3d6     99%         6
 Orb of Destruction       Conj           4%         9d5       100%        7
 Lehudib's Crystal Spear  Conj/Erth      4%         10d3      100%        8


Dungeon Overview and Level Annotations

Branches:
Dungeon (5/15)
 Temple: D:4-7

Altars:
Hepliaklqana


Innate Abilities, Weirdness & Mutations

You are a venomous arachnid creature.
You have poisonous fangs.
You are tiny and dextrous.
Your spellcasting is less reliable in this form.
Your armour is entirely melded.
You are incapable of wielding weapons or throwing items.
((You have very sharp teeth.))
Your uncanny sense of smell can sniff out nearby items.
Your experience applies equally to all skills.


Message History

The ufetubus misses you. The ufetubus barely misses you.
The ufetubus attacks as you move away! The ufetubus barely misses you. x2
The hound pauses to sniff the ground.
The ufetubus attacks as you move away! The ufetubus hits you.
* * * LOW HITPOINT WARNING * * *
The ufetubus hits you but does no damage. x2
The ufetubus closely misses you. The ufetubus attacks as you move away!
The ufetubus hits you.
* * * LOW HITPOINT WARNING * * *
The ufetubus hits you but does no damage.
The ufetubus hits you.
* * * LOW HITPOINT WARNING * * *
The ufetubus misses you.
Blink to where?
Press: ? - help, Dir - move target
As you read the scroll of blinking, it crumbles to dust.
Sorry, you're not good enough to have a special ability.
Casting: Foxfire (safe; 1% risk of failure)
Confirm with . or Enter, or press ? or * to list all spells.
You miscast Foxfire.
You are very lightly contaminated with residual magic.
Nothing appears to happen.
The sentinel's mark upon you fades away.
Your magical contamination has completely faded away.
The ufetubus attacks as you move away! The ufetubus hits you.
* * * LOW HITPOINT WARNING * * *
The ufetubus hits you.
* * * LOW HITPOINT WARNING * * *
Casting: Foxfire (safe; 1% risk of failure)
Confirm with . or Enter, or press ? or * to list all spells.
You turn into a venomous arachnid creature.
Your +0 dagger melds into your body.
Your +0 pair of gloves melds into your body.
Your orb of mayhem melds into your body.
Your +0 robe melds into your body.
The ufetubus closely misses you. The ufetubus completely misses you.
The ufetubus misses you. x2
The hound completely misses you. The hound attacks as you move away!
The hound completely misses you. The ufetubus hits you.
You die...

###.# #h# #§# #h# #. #5#
#.# #.# #..######## #.#
..........########.#####
........s5h.#..........##
##...<....#.............#
#........#..............
#........#..............
#........#..............
#........#..............
#.....†..#..(...........
#........##............#
#...<....###..........##


You could see a hound and an ufetubus.

Vanquished Creatures
  A black bear (D:3)
  An ice beast (D:5)
  A hound (D:4)
  3 orc priests
  An iguana (D:5)
  An orc wizard (D:3)
  6 adders
  8 dart slugs
  11 orcs
  7 endoplasms
  3 giant cockroaches
  6 hobgoblins
  7 jackals (D:3)
  7 kobolds
  3 quokkas (D:2)
  5 ball pythons
  9 bats
  2 frilled lizards
  7 goblins
  6 rats
95 creatures vanquished.

Vanquished Creatures (others)
  An orc (D:4)
  233 foxfires
234 creatures vanquished.

Grand Total: 329 creatures vanquished

Notes
Turn   | Place    | Note
-------+----------+-------------------------------------------
     0 | D:1      | wormed the Gnoll Wanderer began the quest for the Orb.
     0 | D:1      | wormed set off with the following items: a +0 dagger, a
                  | scroll of fear, a +0 pair of gloves, a scroll of blinking,
                  | a +0 robe, a potion of berserk rage; and the following
                  | spell memorised: Foxfire; and the following spells
                  | available to memorise: Inner Flame.
     0 | D:1      | Reached XP level 1. HP: 17/17 MP: 4/4
   189 | D:1      | Reached XP level 2. HP: 23/23 MP: 3/5
   577 | D:1      | Reached XP level 3. HP: 26/28 MP: 5/7
   617 | D:1      | Reached skill level 6 in Stealth
  1013 | D:1      | Reached skill level 1 in Invocations
  1533 | D:2      | Reached skill level 1 in Short Blades
  1533 | D:2      | Reached skill level 1 in Long Blades
  1533 | D:2      | Reached skill level 1 in Axes
  1533 | D:2      | Reached skill level 1 in Maces & Flails
  1533 | D:2      | Reached skill level 1 in Polearms
  1533 | D:2      | Reached skill level 1 in Staves
  1533 | D:2      | Reached skill level 1 in Ranged Weapons
  1533 | D:2      | Reached skill level 1 in Throwing
  1533 | D:2      | Reached skill level 1 in Armour
  1533 | D:2      | Reached skill level 1 in Dodging
  1533 | D:2      | Reached skill level 1 in Shields
  1871 | D:2      | Reached XP level 4. HP: 31/34 MP: 4/8
  2129 | D:3      | Noticed a black bear
  2468 | D:2      | Learned a level 1 spell: Beastly Appendage
  2472 | D:2      | Learned a level 3 spell: Spider Form
  2488 | D:3      | Reached skill level 1 in Conjurations
  2488 | D:3      | Reached skill level 1 in Hexes
  2488 | D:3      | Reached skill level 1 in Summonings
  2488 | D:3      | Reached skill level 1 in Necromancy
  2488 | D:3      | Reached skill level 1 in Translocations
  2488 | D:3      | Reached skill level 1 in Transmutations
  2488 | D:3      | Reached skill level 1 in Ice Magic
  2488 | D:3      | Reached skill level 1 in Air Magic
  2488 | D:3      | Reached skill level 1 in Earth Magic
  2488 | D:3      | Reached skill level 1 in Poison Magic
  2538 | D:3      | Found a hazy altar of Hepliaklqana.
  2903 | D:3      | Killed a black bear
  2904 | D:3      | Reached XP level 5. HP: 28/41 MP: 2/9
  3337 | D:3      | Reached XP level 6. HP: 47/47 MP: 6/11
  3347 | D:3      | Reached skill level 5 in Unarmed Combat
  4002 | D:4      | Learned a level 3 spell: Stone Arrow
  5223 | D:5      | Entered Level 5 of the Dungeon
  5316 | D:5      | Noticed an ice beast
  5326 | D:5      | Killed an ice beast
  5327 | D:5      | Reached XP level 7. HP: 42/52 MP: 7/12
  5370 | D:5      | HP: 2/52 [ufetubus (1)]
  5373 | D:5      | Slain by an ufetubus

Illustrated notes

Levels and vault maps discovered:
D:1:      psy_arrival_radial01, layout_basic, minmay_close_crescents
D:2:      layout_loops_ring
D:3:      layout_loops_ring, worldfamousw_hep_ancestral_shrine
D:4:      layout_cave_pods, kennysheep_generic_room_5
D:5:      layout_rooms, mainiacjoe_overflow_brackets

Skill      XL: |  1  2  3  4  5  6 |
---------------+-------------------+-----
Stealth        | 6 |  6.5
Invocations    | 1 2 |  2.7
Short Blades   | 1 2 |  2.4
Long Blades    | 1 2 |  2.4
Axes           | 1 2 |  2.4
Maces & Flails | 1 2 |  2.4
Polearms       | 1 2 |  2.4
Staves         | 1 2 |  2.4
Ranged Weapons | 1 2 |  2.4
Throwing       | 1 2 |  2.4
Armour         | 1 2 |  2.4
Dodging        | 1 2 |  2.4
Shields        | 1 2 |  2.4
Spellcasting   | 3 |  3.8
Conjurations   | 1 2 |  2.0
Hexes          | 1 2 |  2.0
Summonings     | 1 2 |  2.0
Necromancy     | 1 2 |  2.0
Translocations | 1 2 |  2.0
Transmutations | 1 2 |  2.0
Ice Magic      | 1 2 |  2.0
Air Magic      | 1 2 |  2.0
Earth Magic    | 1 2 |  2.0
Poison Magic   | 1 2 |  2.0
Fighting       | 3 |  3.6
Fire Magic     | 4 |  4.3
Evocations     | 3 |  3.6
Unarmed Combat | 5 |  5.2

Action                   |  1- 3 |  4- 6 |  7- 9 || total
-------------------------+-------+-------+-------++-------
Melee: Dagger            |     2 |    61 |     1 ||    64
       Unarmed           |       |    44 |       ||    44
       Bite              |       |    10 |     1 ||    11
       Kick              |       |     4 |       ||     4
       Headbutt          |       |     3 |       ||     3
 Cast: Foxfire           |    67 |    63 |     6 ||   136
       Beastly Appendage |       |     4 |       ||     4
       Spider Form       |       |     7 |     1 ||     8
       Stone Arrow       |       |    12 |       ||    12
  Use: Scroll            |       |     3 |     1 ||     4
 Stab: Sleeping          |       |     3 |       ||     3
Armor: Robe              |     8 |    23 |     7 ||    38
       Skin              |       |     6 |       ||     6
Dodge: Dodged            |    18 |    86 |    30 ||   134
